Map: Acropolis LE

Players

llllllllllll

  • Race: Zerg Zerg
  • League: Grandmaster
  • Spawn Location: 5:00

Strange - Winner!

  • Race: Protoss Protoss
  • League: Master
  • Spawn Location: 11:00

VOD

Have the link to the VOD?

Description

Time

  • Played on: Sept. 27, 2019, 8:17 a.m.
  • Length: 5:54
Show
View Real Time Build Order
Export as new Build Order

llllllllllll Zerg 

Build Orders: Hatch First 

Get SALT Encoding   

  12  0:00  Drone  
  13  0:12  Overlord  
  13  0:16  Drone  
  14  0:31  Drone x2  
  16  0:48  Hatchery  
  15  0:52  Drone  
  15  0:55  Drone  
  17  0:59  Drone  
  18  1:06  Extractor  
  17  1:14  Spawning Pool  
  17  1:17  Drone  
  17  1:21  Drone  
  18  1:28  Drone  
  19  1:40  Drone  
  20  1:50  Drone  
  21  2:00  Queen x2  
  25  2:01  Drone x2  
  27  2:18  Overlord  
  27  2:22  Hatchery  
  26  2:25  Metabolic Boost  
  26  2:31  Drone  
  26  2:32  Drone  
  29  2:37  Zergling x4  
  29  2:41  Drone  
  31  2:44  Queen  
  33  2:52  Overlord  
  33  2:55  Zergling x2  
  34  3:05  Drone  
  35  3:12  Overlord  
  35  3:15  Drone  
  36  3:26  Overlord  
  36  3:30  Queen  
  36  3:31  Drone x6  
  36  3:33  Overlord  
  44  3:36  Drone  
  44  3:37  Drone  
  48  3:46  Drone x4  
  48  3:47  Drone  
  53  3:51  Drone  
  53  3:54  Drone  
  53  3:56  Drone x3  
  53  4:00  Drone, Queen  
  59  4:06  Overlord  
  59  4:07  Zergling x2  
  60  4:13  Spore Crawler  
  60  4:14  Spore Crawler  
  60  4:15  Zergling x2  
  59  4:18  Zergling x8  
  59  4:19  Queen  
  66  4:24  Zergling x4  
  66  4:28  Lair  
  67  4:35  Zergling x6  
  67  4:38  Roach Warren  
  69  4:54  Zergling x4  
  69  4:55  Zergling x6  
  73  5:05  Zergling x10  
  73  5:06  Spore Crawler  
  70  5:08  Zergling x2  
  70  5:09  Zergling x8  
  70  5:18  Roach x4  
  71  5:22  Roach  
  65  5:28  Roach  
  65  5:34  Zergling x2  
  65  5:35  Zergling x10  
Show
View Real Time Build Order
Export as new Build Order

Strange Protoss - Winner!

Build Orders: 1 Gate Expand, Mass Adepts 

Get SALT Encoding   

  12  0:00  Probe  
  13  0:12  Probe  
  14  0:20  Pylon  
  14  0:25  Probe  
  15  0:38  Probe (Chrono Boost)  
  15  0:39  Gateway  
  16  0:47  Probe (Chrono Boost)  
  16  0:48  Assimilator  
  17  0:53  Probe  
  18  1:05  Probe  
  19  1:17  Probe  
  20  1:23  Nexus  
  20  1:32  Cybernetics Core  
  20  1:35  Probe  
  21  1:44  Assimilator  
  21  1:47  Probe  
  21  1:50  Pylon  
  22  2:00  Probe  
  23  2:06  Adept (Chrono Boost)  
  23  2:09  Warp Gate  
  23  2:12  Probe  
  26  2:24  Probe  
  26  2:26  Twilight Council  
  26  2:28  Stalker (Chrono Boost)  
  27  2:36  Probe (Chrono Boost)  
  31  2:42  Probe (Chrono Boost)  
  32  2:45  Probe (Chrono Boost)  
  32  2:49  Probe (Chrono Boost)  
  32  2:50  Probe (Chrono Boost)  
  33  2:52  Robotics Facility  
  34  3:00  Probe  
  34  3:02  Probe  
  36  3:09  Resonating Glaives (Chrono Boost)  
  36  3:10  Gateway  
  36  3:13  Probe  
  36  3:18  Probe  
  38  3:24  Gateway x2  
  38  3:26  Probe  
  39  3:30  Probe (Chrono Boost)  
  40  3:37  Warp Prism (Chrono Boost)  
  44  3:42  Probe (Chrono Boost)  
  44  3:44  Probe (Chrono Boost)  
  44  3:48  Pylon  
  44  3:54  Gateway  
  44  3:56  Gateway  
  44  4:00  Gateway  
  44  4:06  Gateway  
  44  4:14  Pylon  
  44  4:21  Adept x4  
  52  4:24  Pylon  
  52  4:34  Pylon  
  52  4:45  Adept x4  
  60  4:59  Adept x3  
  66  5:06  Pylon  
  64  5:14  Adept  
  64  5:15  Adept x4  
  62  5:32  Adept x3  
  64  5:36  Adept x5  
Tags
 
Add a new tag
Caveats
  • Supply blocks, unpowered buildings, or Contaminate may cause inaccurate times.
  • Supply counts are checked every 10 seconds.